 Dungeon Crawl Stone Soup version 0.20.0-8-g6b59dc7 (webtiles) character file.

58 zhorgal the Cutter (level 3, -1/27 HPs)
             Began as a Vampire Skald on June 1, 2017.
             Slain by an adder (4 damage)
             ... on level 3 of the Dungeon.
             The game lasted 00:13:54 (3338 turns).

zhorgal the Cutter (Vampire Skald)                  Turns: 3338, Time: 00:13:55

Health: -1/27      AC:  0    Str: 10    XL:     3   Next: 75%
Magic:  6/6        EV: 20    Int: 16    God:
Gold:   167        SH:  0    Dex: 18    Spells: 5/6 levels left

rFire    . . .     SeeInvis +   (weapon currently unavailable)
rCold    . . .     Gourm    .   (shield currently unavailable)
rNeg     + . .     Faith    .   (armour currently unavailable)
rPois    .         Spirit   .   (helmet currently unavailable)
rElec    .         Reflect  .   (cloak currently unavailable)
rCorr    .         Harm     .   (gloves currently unavailable)
MR       .....                  (boots currently unavailable)
Stlth    ++++......             (no amulet)
Regen    0.1/turn               (ring currently unavailable)
MPRegen  0.1/turn               (ring currently unavailable)

@: lethally poisoned (-1 -> -7), bat-form, flying, very quick
A: fangs 3, see invisible
a: End Transformation


You were on level 3 of the Dungeon.
You were not thirsty.
You were in vampire-bat-form.
You visited 1 branch of the dungeon, and saw 4 of its levels.

You collected 167 gold pieces.

Inventory:

Hand Weapons
 a - a +0 short sword
 l - a cursed -3 dagger (melded)
 m - a cursed -1 dagger
 o - a +0 hunting sling
Missiles
 g - 126 stones (quivered)
 k - 8 needles of sleeping
Armour
 b - a +0 leather armour
 e - a +0 pair of gloves (melded)
 j - a +0 helmet (melded)
 p - a +2 robe of fire resistance (melded)
Scrolls
 h - 8 scrolls of identify
Potions
 d - 3 potions of curing
 f - a potion of heal wounds {unknown}
 i - a potion of agility {unknown}
 n - 2 potions of haste {unknown}
 q - 15 potions of blood {@q1}
 r - a potion of invisibility {unknown}
Books
 c - a book of Battle

   Spells                             Type                      Level
   a - Infusion                       Charms                       1
   b - Shroud of Golubria             Charms/Translocation         2
   c - Song of Slaying                Charms                       2
   d - Spectral Weapon                Hexes/Charms                 3
   e - Regeneration                   Charms/Necromancy            3


   Skills:
 - Level 1.7 Fighting
 + Level 4.5 Short Blades
 - Level 0.7 Armour
 - Level 2.1 Dodging
 - Level 2.0 Spellcasting
 - Level 3.2 Charms


You had 5 spell levels left.
You knew the following spells:

 Your Spells              Type           Power        Failure   Level  Hunger
a - Infusion              Chrm           ##..         5%          1    #......


Dungeon Overview and Level Annotations

Branches:
Dungeon (4/15)
 Temple: D:4-7

Altars:
Cheibriados
Elyvilon
Makhleb
Sif Muna

Annotations:
D:4 Menkaure


Innate Abilities, Weirdness & Mutations

You have razor-sharp teeth.
You have supernaturally acute eyesight. (SInv)
((You can survive without breathing.))


Message History

The adder is severely wounded.
You feel sick. The adder misses you. The adder completely misses you.
You barely miss the adder.
The adder is severely wounded.
The adder bites you.
* * * LOW HITPOINT WARNING * * *
You are more poisoned.
The adder poisons you!
You barely miss the adder.
The adder is severely wounded.
* * * LOW HITPOINT WARNING * * *
You feel sick. The adder barely misses you.
You hit the adder but do no damage.
The adder is severely wounded.
The adder misses you. The adder closely misses you.
You hit the adder.
The adder is severely wounded.
* * * LOW HITPOINT WARNING * * *
You feel sick. The adder bites you.
You die...

....#
....#################
...................g.
.######..........####.#
........_..............
.######..........####.##
.# ##...#####$....... .#
#...# #.###...# .# #...#
#b# .# .# #...# #S# ##
#...# #S# #...###....
#.......... ####
#..####.#.## ..s# #..#
.#.. ##.# #..####.###
#S#####.........


You could see 2 adders.

Vanquished Creatures
  4 dart slugs
  2 leopard geckos
  2 ball pythons (D:1)
  6 goblins
  3 hobgoblins (D:1)
  3 jackals
  8 kobolds
  10 bats
  4 frilled lizards
  5 rats
47 creatures vanquished.

Notes
Turn   | Place    | Note
-------+----------+-------------------------------------------
     0 | D:1      | zhorgal the Vampire Skald began the quest for the Orb.
     0 | D:1      | Reached XP level 1. HP: 16/16 MP: 3/3
   154 | D:1      | Reached skill level 3 in Short Blades
   154 | D:1      | Reached XP level 2. HP: 22/22 MP: 5/5
   730 | D:1      | Reached XP level 3. HP: 27/27 MP: 6/6
   982 | D:2      | Reached skill level 4 in Short Blades
  2249 | D:2      | Found a deep blue altar of Sif Muna.
  2249 | D:2      | Found a white marble altar of Elyvilon.
  3026 | D:3      | Found a snail-covered altar of Cheibriados.
  3154 | D:4      | Noticed an ogre
  3169 | D:4      | Noticed Menkaure
  3303 | D:3      | Found a burning altar of Makhleb.
  3338 | D:3      | Slain by an adder

Skill      XL: |  1  2  3 |
---------------+----------+-----
Short Blades   | 3 4 |  4.5
Fighting       | |  1.7
Armour         | |  0.7
Dodging        | |  2.1
Spellcasting   | |  2.0
Charms         | |  3.2

Action                   || total
-------------------------++-------
Melee: Short sword       ||    99
       Bite              ||    34
       Unarmed           ||   176
       Dagger            ||     2
 Cast: Infusion          ||     6
 Abil: Bat Form          ||     1
  Use: Potion            ||     6
       Scroll            ||     4
 Stab: Sleeping          ||     7
Armor: Leather armour    ||    31
       Robe              ||     7
Dodge: Dodged            ||   400
